 Dungeon Crawl Stone Soup version 0.24.0-2-g5b39cebb1c (webtiles) character file.

Game seed: 8028637053375002505, levelgen mode: deterministic

3130 erloom the Cleaver (level 9, -1/86 HPs)
             Began as a Minotaur Fighter on Oct 29, 2019.
             Was an Elder of Okawaru.
             Slain by a six-headed hydra (4 damage)
             ... on level 8 of the Dungeon.
             The game lasted 00:15:30 (6917 turns).

erloom the Cleaver (Minotaur Fighter)               Turns: 6917, Time: 00:15:31

Health: -1/86      AC: 13    Str: 26    XL:     9   Next: 61%
Magic:  0/9        EV:  2    Int:  8    God:    Okawaru [****..]
Gold:   432        SH:  0    Dex: 10    Spells: 8/8 levels left

rFire    + . .     SeeInvis .   G - +2 hand axe (flame)
rCold    . . .     Gourm    .   c - +0 shield
rNeg     . . .     Faith    .   v - +0 plate armour
rPois    .         Spirit   +   (helmet restricted)
rElec    .         Reflect  .   n - +0 cloak
rCorr    .         Harm     .   q - +0 pair of gloves
MR       .....                  (no boots)
Stlth    ..........             C - amulet of guardian spirit
HPRegen  0.24/turn              m - ring of wizardry
MPRegen  0.11/turn              B - ring of protection from fire

@: mighty, about to teleport, petrifying, very slow
A: retaliatory headbutt, horns 2
a: Heroism, Renounce Religion


You were on level 8 of the Dungeon.
You worshipped Okawaru.
Okawaru was greatly pleased with you.
You were hungry.

You visited 2 branches of the dungeon, and saw 9 of its levels.

You collected 432 gold pieces.

Inventory:

Hand Weapons
 a - a +1 war axe
 G - a +2 hand axe of flaming (weapon)
Missiles
 y - 4 silver boomerangs (quivered)
 E - 7 javelins
Armour
 c - a +0 shield (worn)
 n - a +0 cloak (worn)
 q - a +0 pair of gloves (worn)
 u - a +3 leather armour of cold resistance
 v - a +0 plate armour (worn)
Jewellery
 m - a ring of wizardry (left hand)
 B - a ring of protection from fire (right hand)
 C - an amulet of guardian spirit (around neck)
Wands
 g - a wand of flame (6)
 o - a wand of random effects (21)
 A - a wand of paralysis (3)
Scrolls
 b - 6 scrolls of remove curse
 i - 2 scrolls of amnesia
 j - 3 scrolls of teleportation
 p - 5 scrolls of identify
 s - a scroll of random uselessness {unknown}
 t - a scroll of magic mapping {unknown}
Potions
 d - a potion of cancellation {unknown}
 e - 2 potions of agility
 h - 3 potions of lignification {unknown}
 k - 3 potions of brilliance
 l - a potion of heal wounds {unknown}
 r - a potion of degeneration {unknown}
 w - 2 potions of curing
 x - 2 potions of flight {unknown}
 z - 4 potions of might
 D - a potion of mutation {unknown}
 F - a potion of ambrosia {unknown}
Comestibles
 f - 12 rations


   Skills:
 + Level 10.8 Fighting
 * Level 12.1 Axes
 - Level 3.6 Armour
 - Level 3.6 Shields
 - Level 2.0 Invocations


You had 8 spell levels left.
You didn't know any spells.
Your spell library was empty.

Dungeon Overview and Level Annotations

Branches:
Dungeon (8/15)             Temple (1/1) D:4
   Lair: D:8-11

Altars:
Ashenzari
Dithmenos
Elyvilon
Hepliaklqana
Okawaru
Uskayaw
Vehumet
The Shining One

Annotations:
D:7 1 runed translucent door, Crazy Yiuf


Innate Abilities, Weirdness & Mutations

You reflexively headbutt those who attack you in melee.
You have a pair of horns on your head.


Message History

Unknown command.
Unknown command.
As you read the scroll of teleportation, it crumbles to dust.
You feel strangely unstable. The six-headed hydra bites you.
* * * LOW HITPOINT WARNING * * *
The six-headed hydra bites you!
* * * LOW HITPOINT WARNING * * *
The six-headed hydra bites you but does no damage.
The six-headed hydra bites you!
* * * LOW HITPOINT WARNING * * *
The six-headed hydra bites you but does no damage. x2
The basilisk bites you but does no damage.
The six-headed hydra bites you but does no damage.
The six-headed hydra bites you.
The six-headed hydra bites you but does no damage.
The six-headed hydra completely misses you.
The six-headed hydra bites you!
* * * LOW HITPOINT WARNING * * *
The six-headed hydra bites you!
You die...

###############
#.......D....<#
#.......l@....#
..####.####..#
#.....l.#..#
#...D...#..#
#..$$$..#..#
#..$:$..#..#
#..[$[..#..#
#.......#..#
#.......#


You could see a six-headed hydra and a basilisk.

Vanquished Creatures
  A troll (D:7)
  Grinder (D:4)
  Eustachio (D:4)
  A basilisk (D:8)
  Duvessa (D:4)
  An orc warrior (D:6)
  A phantom (D:7)
  2 ice beasts (D:5)
  2 ogres
  3 centaurs
  2 big kobolds (D:7)
  Dowan (D:4)
  3 scorpions
  5 wights (D:6)
  2 howler monkeys (D:6)
  A crimson imp (D:7)
  A hound (D:4)
  2 centaur skeletons
  2 orc priests (D:7)
  7 orc wizards
  Ijyb (D:5)
  A bullfrog skeleton (D:6)
  An iguana (D:5)
  Natasha (thrice) (D:3)
  6 worker ants
  2 howler monkey skeletons
  4 gnolls (D:7)
  8 adders
  2 shadow imps (D:6)
  3 oozes
  An adder skeleton (D:7)
  4 worms
  2 dart slugs
  4 leopard geckos
  20 orcs
  3 ball pythons
  5 giant cockroaches
  11 hobgoblins
  7 jackals
  A quokka (D:5)
  6 bats
  7 frilled lizards
  A giant cockroach zombie (D:5)
  7 goblins
  A jackal skeleton (D:4)
  17 kobolds
  A leopard gecko zombie (D:6)
  2 quokka skeletons
  A quokka zombie (D:6)
  4 rats
176 creatures vanquished.

Notes
Turn   | Place    | Note
-------+----------+-------------------------------------------
     0 | D:1      | erloom the Minotaur Fighter began the quest for the Orb.
     0 | D:1      | Reached XP level 1. HP: 19/19 MP: 0/0
    75 | D:1      | Reached XP level 2. HP: 20/27 MP: 1/1
    83 | D:1      | Reached skill level 3 in Axes
   521 | D:2      | Reached XP level 3. HP: 32/34 MP: 2/2
   818 | D:2      | Reached skill level 4 in Axes
   938 | D:2      | Reached XP level 4. HP: 36/41 MP: 3/3
   945 | D:2      | Reached skill level 5 in Fighting
  1234 | D:3      | Noticed Natasha
  1242 | D:3      | Killed Natasha
  1511 | D:3      | Found a faded altar of an unknown god.
  1538 | D:3      | Noticed Natasha
  1551 | D:3      | Killed Natasha
  1551 | D:3      | Reached XP level 5. HP: 4/49 MP: 4/4
  1812 | D:3      | Reached skill level 5 in Axes
  2029 | D:3      | Noticed Natasha
  2042 | D:3      | Killed Natasha
  2704 | D:4      | Found a radiant altar of Vehumet.
  2775 | D:4      | Reached XP level 6. HP: 51/57 MP: 5/5
  2810 | D:4      | Found a staircase to the Ecumenical Temple.
  2821 | Temple   | Entered the Ecumenical Temple
  2851 | Temple   | Became a worshipper of Warmaster Okawaru
  2885 | D:4      | Noticed Grinder
  2888 | D:4      | Killed Grinder
  2888 | D:4      | Reached skill level 6 in Axes
  2906 | D:4      | Noticed Eustachio
  2909 | D:4      | Noticed Dowan
  2910 | D:4      | Noticed Duvessa
  2917 | D:4      | Killed Eustachio
  2917 | D:4      | Reached * piety under Okawaru
  2917 | D:4      | Reached skill level 7 in Axes
  2917 | D:4      | Reached XP level 7. HP: 49/66 MP: 6/6
  2924 | D:4      | Killed Duvessa
  2938 | D:4      | Killed Dowan
  3525 | D:4      | Reached skill level 8 in Axes
  3673 | D:5      | Entered Level 5 of the Dungeon
  3714 | D:5      | Reached ** piety under Okawaru
  3746 | D:5      | Reached XP level 8. HP: 70/75 MP: 7/7
  4029 | D:5      | Reached skill level 1 in Invocations
  4032 | D:5      | Reached skill level 9 in Axes
  4310 | D:5      | Noticed Ijyb
  4323 | D:5      | Paralysed by Ijyb for 3 turns
  4331 | D:5      | Killed Ijyb
  4735 | D:6      | Reached skill level 10 in Axes
  4742 | D:6      | Reached *** piety under Okawaru
  5500 | D:6      | Reached XP level 9. HP: 79/85 MP: 9/9
  5580 | D:6      | Reached skill level 10 in Fighting
  6185 | D:7      | Reached skill level 11 in Axes
  6225 | D:7      | Noticed a troll
  6439 | D:7      | Found a shattered altar of Ashenzari.
  6515 | D:7      | Found a runed translucent door.
  6516 | D:7      | Noticed Crazy Yiuf
  6741 | D:7      | Killed a troll
  6884 | D:8      | Reached **** piety under Okawaru
  6884 | D:8      | Received a gift from Okawaru
  6884 | D:8      | Reached skill level 12 in Axes
  6900 | D:8      | Noticed a six-headed hydra
  6917 | D:8      | HP: 3/86 [six-headed hydra (4)]
  6917 | D:8      | Slain by a six-headed hydra

Levels and vault maps discovered:
D:1:      nzn_arrival_depleted_hourglass, layout_rooms
D:2:      layout_rooms
D:3:      layout_loops_corners, chequers_ecumenical_altar_island, minivault_19,
          minmay_diced_spiral, uniq_natasha
D:4:      layout_basic, vehumet_altar_wand_db, minmay_temple_entry_stoned_glass,
          minmay_close_crescents, uniq_duvessa, uniq_grinder, uniq_eustachio
D:5:      layout_basic, first_ration, uniq_ijyb
D:6:      layout_loops_cross
D:7:      layout_rooms, ashenzari_altar_1, uniq_crazy_yiuf_cottage
D:8:      cheibrodos_elevator_heist, layout_loops_ring, dpeg_oklobed_lair
Temple:   regret_index_temple_sigil_plot

Skill      XL: |  1  2  3  4  5  6  7  8  9 |
---------------+----------------------------+-----
Fighting       | 4 5 6 7 8 9 10 | 10.8
Axes           | 3 4 5 7 8 10 12 | 12.1
Invocations    | 2 |  2.0
Armour         | |  3.6
Shields        | |  3.6

Action                   |  1- 3 |  4- 6 |  7- 9 || total
-------------------------+-------+-------+-------++-------
Melee: War axe           |   130 |   147 |   299 ||   576
       Headbutt          |    20 |    25 |    58 ||   103
Throw: Boomerang         |       |       |     1 ||     1
Invok: Heroism           |       |       |     2 ||     2
  Use: Scroll            |     5 |     2 |     1 ||     8
       Potion            |       |     5 |     2 ||     7
  Eat: Chunk             |       |     7 |     9 ||    16
       Ration            |       |       |     1 ||     1
Armor: Scale mail        |    65 |    46 |     4 ||   115
       Chain mail        |       |       |    13 ||    13
       Plate armour      |       |       |   174 ||   174
Dodge: Dodged            |    43 |    38 |    44 ||   125
Block: Shield            |    70 |    78 |   122 ||   270
